 Seeded DCSS version 0.27-a0-1557-g57f10a385c (webtiles) character file.

Game seed: 20210626 (custom seed)

223 Sopht the Skirmisher (level 5, -3/41 HPs)
             Began as a Demonspawn Berserker on June 26, 2021.
             Was a Believer of Trog.
             Slain by an ogre (25 damage)
             ... on level 4 of the Dungeon on July 16, 2021.
             The game lasted 00:18:05 (3981 turns).

Sopht the Skirmisher (Demonspawn Berserker)         Turns: 3981, Time: 00:18:07

Health: -3/41      AC:  2    Str: 19    XL:     5   Next: 66%
Magic:  5/5        EV: 12    Int:  8    God:    Trog [**....]
Gold:   178        SH:  0    Dex: 12    Spells: 4/4 levels left

rFire    . . .     SeeInvis +   j - +1 rapier (vamp)
rCold    . . .     Faith    .   (no shield)
rNeg     . . .     Spirit   .   b - +0 animal skin
rPois    .         Reflect  .   (no helmet)
rElec    .         Harm     .   (no cloak)
rCorr    .         Rampage  .   (no gloves)
Will     .....                  (no boots)
Stlth    ++........             (no amulet)
HPRegen  0.13/turn              m - ring of see invisible
MPRegen  0.09/turn              (no ring)

@: no status effects
A: claws 2
a: Renounce Religion, Berserk, Trog's Hand


You were on level 4 of the Dungeon.
You worshipped Trog.
Trog was pleased with you.
You visited 1 branch of the dungeon, and saw 4 of its levels.

You collected 178 gold pieces.

Inventory:

Hand Weapons
 j - a +1 vampiric rapier (weapon)
 k - a +1 vorpal hand axe
Missiles
 n - 4 boomerangs (quivered)
Armour
 b - a +0 animal skin (worn)
Jewellery
 m - a ring of see invisible (left claw)
Scrolls
 a - a scroll of fear
 c - 2 scrolls of acquirement {unknown}
 e - 2 scrolls of summoning {unknown}
 f - a scroll of enchant weapon {unknown}
 g - 2 scrolls of identify {unknown}
 h - a scroll of holy word {unknown}
 i - a scroll of silence {unknown}
Potions
 d - a potion of curing {unknown}
 l - a potion of invisibility {unknown}


   Skills:
 + Level 3.5 Fighting
 + Level 0.5 Short Blades
 + Level 2.9 Polearms
 + Level 2.0 Armour
 + Level 3.0 Dodging
 + Level 1.4 Stealth
 + Level 3.0 Unarmed Combat


You had 4 spell levels left.
You didn't know any spells.
Your spell library was empty.

Dungeon Overview and Level Annotations

Branches:
Dungeon (4/15)
 Temple: D:4-7

Altars:
Hepliaklqana


Innate Abilities, Weirdness & Mutations

You have very sharp fingernails.


Message History

You now have 178 gold pieces (gained 13).
Found a stone staircase leading down.
A ball python comes into view.
The ball python hisses angrily.
The ball python closely misses you. The ball python barely misses you.
You hit the ball python.
You feel better.
You kill the ball python!
Trog accepts your kill.
A worm comes into view.
The helpless worm fails to defend itself.
You hit the worm.
The worm is lightly wounded.
The worm barely misses you.
You puncture the worm!
You feel better.
The worm is heavily wounded.
The worm bites you.
You hit the worm.
The worm is severely wounded.
You puncture the worm!
You feel better.
You kill the worm!
Trog accepts your kill.
Found a stone staircase leading up.
An endoplasm comes into view.
The helpless endoplasm fails to defend itself.
You puncture the endoplasm!
You kill the endoplasm!
Trog accepts your kill.
A hobgoblin and an ogre come into view.
Found a murky puce potion.
Found 5 stones.
Found a stone staircase leading down.
The hobgoblin shouts!
You hear a shout!
The hobgoblin hits you from afar with a +0 spear.
The ogre hits you with a +0 giant club! The hobgoblin misses you.
The ogre barely misses you.
You hit the ogre.
The ogre is lightly wounded.
The hobgoblin hits you from afar with a +0 spear.
The ogre hits you with a +0 giant club!!
Ouch! That really hurt!
You die...

..........##...........#
.(...................###
................#...##
..............#.#...#
..............##....####
.............##........##
..............##.g#.....#
............#.##O##.....#
..##....#..##...@.>..##.####
..##....#####.......##.....###
[........
#........##......#.## ...
....#####............# ...
.... #............## .....
...#####.....#......# . ...
..##.........#.#....# ...#
.........######### #.... #
#..........###


You could see an ogre and a hobgoblin.

Vanquished Creatures
  An ogre (D:3)
  A bullfrog skeleton (D:4)
  A centaur skeleton (D:3)
  An adder (D:3)
  2 worms
  3 dart slugs
  2 orcs (D:3)
  5 endoplasms
  3 giant cockroaches
  4 goblins
  A hobgoblin (D:1)
  14 jackals
  4 kobolds
  A quokka (D:1)
  4 ball pythons
  3 bats
  2 frilled lizards
  5 rats
57 creatures vanquished.

Vanquished Creatures (others)
  An adder (D:2)
  A goblin (D:2)
2 creatures vanquished.

Grand Total: 59 creatures vanquished

Notes
Turn   | Place    | Note
-------+----------+-------------------------------------------
     0 | D:1      | Sopht the Demonspawn Berserker began the quest for the Orb.
     0 | D:1      | Reached XP level 1. HP: 18/18 MP: 1/1
  1002 | D:1      | Gained mutation: You have sharp fingernails. [demonic
                  | ancestry]
  1002 | D:1      | Reached XP level 2. HP: 24/24 MP: 2/2
  1486 | D:2      | Found a faded altar of an unknown god.
  1524 | D:2      | Reached skill level 1 in Unarmed Combat
  1542 | D:2      | Upgraded the game from 0.27-a0-1334-g2746e35aca to
                  | 0.27-a0-1557-g57f10a385c
  1780 | D:2      | Gained mutation: You have very sharp fingernails. [demonic
                  | ancestry]
  1780 | D:2      | Reached XP level 3. HP: 10/29 MP: 3/3
  2441 | D:3      | Noticed an ogre
  2538 | D:3      | Killed an ogre
  2539 | D:3      | Reached skill level 1 in Stealth
  2539 | D:3      | Reached XP level 4. HP: 35/35 MP: 4/4
  2574 | D:3      | Reached XP level 5. HP: 26/41 MP: 5/5
  2852 | D:3      | Found a hazy altar of Hepliaklqana.
  2975 | D:3      | Reached ** piety under Trog
  3946 | D:4      | Noticed an ogre
  3981 | D:4      | Slain by an ogre

Illustrated notes

Levels and vault maps discovered:
D:1:      dpeg_arrival_orchard, layout_loops_ring, serial_park_tiny_1
D:2:      layout_rooms, hellmonk_ecumenical_altar_zigzags, lemuel_old_faithful
D:3:      layout_basic, mainiacjoe_overflow_concentric_impassable,
          minmay_bisected
D:4:      layout_cave_pools, mainiacjoe_overflow_24_doors, uniq_grinder

Skill      XL: |  1  2  3  4  5 |
---------------+----------------+-----
Armour         | 2 |  2.0
Dodging        | 2 3 |  3.0
Unarmed Combat | 1 2 3 |  3.0
Stealth        | 1 |  1.4
Fighting       | |  3.5
Short Blades   | |  0.5
Polearms       | |  2.9

Action                   |  1- 3 |  4- 6 || total
-------------------------+-------+-------++-------
Melee: Unarmed           |   141 |    19 ||   160
       Punch             |     1 |     3 ||     4
       Rapier            |       |    64 ||    64
Invok: Berserk           |     3 |       ||     3
  Use: Scroll            |     2 |       ||     2
       Potion            |     1 |       ||     1
 Stab: Sleeping          |     2 |     2 ||     4
Armor: Animal skin       |    20 |    12 ||    32
Dodge: Dodged            |    92 |    52 ||   144

Table legend: (Time is in decaauts)
 A = Elapsed time spent in this place.
 B = Non-inter-level travel time spent in this place.
 C = Inter-level travel time spent in this place.
 D = Time resting spent in this place.
 E = Time spent auto-exploring this place.
 F = Levels seen in this place.
 G = Mean time per level.
                   A        B        C        D        E       F      G
               +--------+--------+--------+--------+--------+-----+--------+
         Total |   4037 |   4037 |      0 |      0 |   1534 |   4 | 1009.2 |
       Dungeon |   4037 |   4037 |      0 |      0 |   1534 |   4 | 1009.2 |
               +--------+--------+--------+--------+--------+-----+--------+

Top non-repeatable levels by time:
     D:1: 1468 daAuts
     D:3: 1124 daAuts
     D:2: 1054 daAuts
     D:4: 389 daAuts
